 Dungeon Crawl Stone Soup version 0.30-a0-1160-g6e42c06551 (webtiles) character file.

Game seed: 8947604382434258096

54152 Sundig the Peltast (level 14, -1/135 HPs)
             Began as a Minotaur Fighter on Apr 26, 2023.
             Was the Champion of Okawaru.
             Constricted to death by Jorgrun (4 damage)
             ... on level 2 of the Orcish Mines.
             The game lasted 01:01:46 (15912 turns).

Sundig the Peltast (Minotaur Fighter)              Turns: 15912, Time: 01:01:47

Health: -1/135     AC: 31    Str: 31    XL:     14   Next: 33%
Magic:  13/13      EV: 10    Int:  5    God:    Okawaru [******]
Gold:   1276       SH:  8    Dex: 16    Spells: 13/13 levels left

rFire   . . .        D - +2 war axe of Fixation {heavy, Dex+5}
rCold   . . .        c - +0 buckler
rNeg    . . .        K - +9 plate armour of Astaer Zarpho {Regen+}
rPois   .            N - +1 hat
rElec   .            j - +0 cloak
rCorr   .            i - +2 pair of gloves
SInv    +            y - +0 pair of boots
Will    +....        e - amulet of faith Stlth
                     T - +6 ring of strength
HPRegen 1.22/turn    W - ring of see invisible
MPRegen 0.13/turn

%: faith
@: grasped by roots, on berserk cooldown, slowed, constricted, very slow
A: horns 2, retaliatory headbutt
a: Renounce Religion, Heroism, Finesse, Duel


You were on level 2 of the Orcish Mines.
You worshipped Okawaru.
Okawaru was exalted by your worship.
You visited 3 branches of the dungeon, and saw 17 of its levels.
You also visited: Bailey and Ice Cave.

You collected 1683 gold pieces.
You spent 407 gold pieces at shops.

Inventory:

Hand Weapons
 h - a +2 hand axe of flaming
 x - a +0 morningstar
 D - the +2 war axe of Fixation (weapon) {heavy, Dex+5}
   (You bought it in a shop on level 6 of the Dungeon)

   Dex:       It affects your dexterity (+5).
 U - a +2 broad axe of holy wrath
Armour
 c - a +0 buckler (worn)
 i - a +2 pair of gloves (worn)
 j - a +0 cloak (worn)
 y - a +0 pair of boots (worn)
 K - the +9 plate armour of Astaer Zarpho (worn) {Regen+}
   (You took it off a gnoll on level 6 of the Dungeon)

   Regen:     It increases your rate of health regeneration.
 N - a +1 hat (worn)
Jewellery
 b - an amulet of reflection
 e - an amulet of faith (around neck)
 q - a ring of resist corrosion
 u - a ring of protection from fire
 T - a +6 ring of strength (left hand)
 W - a ring of see invisible (right hand)
Wands
 o - a wand of digging (18)
 p - a wand of acid (2)
 Q - a wand of iceblast (6)
Scrolls
 a - 5 scrolls of fog
 f - 5 scrolls of fear
 g - 3 scrolls of enchant armour
 m - a scroll of acquirement {unknown}
 r - 5 scrolls of blinking
 v - 4 scrolls of amnesia
 z - 2 scrolls of torment
 A - 9 scrolls of teleportation
 B - a scroll of immolation
 C - a scroll of brand weapon
 I - 2 scrolls of noise {unknown}
 J - 3 scrolls of butterflies {unknown}
 O - 4 scrolls of enchant weapon
 R - 5 scrolls of poison
 S - 3 scrolls of identify
 V - a scroll of magic mapping
Potions
 d - 4 potions of might
 k - a potion of berserk rage
 l - 2 potions of attraction
 n - a potion of flight
 s - 11 potions of curing
 t - 3 potions of resistance
 w - 3 potions of cancellation
 E - 3 potions of mutation
 F - 9 potions of brilliance
 G - a potion of magic
 H - 3 potions of lignification
 L - a potion of haste
 M - 4 potions of heal wounds
 P - 2 potions of invisibility


   Skills:
 * Level 15.4 Fighting
 * Level 15.3 Axes
 + Level 11.4 Armour
 + Level 9.8 Dodging
 * Level 15.5 Shields


You had 13 spell levels left.
You didn't know any spells.
Your spell library contained the following spells:

 Spells                   Type           Power      Damage    Failure   Level
 Apportation              Tloc           0%         N/A       98%         1
 Freeze                   Ice            0%         1d3       98%         1
 Necrotise                Necr           0%         1d4       98%         1
 Passwall                 Tmut/Erth      0%         N/A       99%         2
 Frozen Ramparts          Ice            0%         1d1       100%        3
 Hailstorm                Conj/Ice       0%         3d3       100%        3
 Inner Flame              Hex/Fire       0%         N/A       100%        3
 Portal Projectile        Hex/Tloc       0%         N/A       100%        3
 Volatile Blastmotes      Fire/Tloc      0%         2d10      100%        3
 Anguish                  Hex/Necr       0%         N/A       100%        4
 Fulminant Prism          Conj/Hex       0%         3d5       100%        4
 Ice Form                 Ice/Tmut       0%         N/A       100%        4
 Iskenderun's Mystic Bla  Conj/Tloc      0%         2d3       100%        4
 Blade Hands              Tmut           0%         N/A       100%        5
 Irradiate                Conj/Tmut      0%         3d11      100%        5
 Lee's Rapid Deconstruct  Erth           0%         3d4*      100%        5
 Yara's Violent Unravell  Hex/Tmut       0%         3d3       100%        5
 Dragon Form              Tmut           0%         N/A       100%        7
 Enfeeble                 Hex            0%         N/A       100%        7
 Shatter                  Erth           0%         3d5*      100%        9
 Summon Small Mammal      Summ           Unusable   N/A       N/A         1
 Tukima's Dance           Hex            Unusable   N/A       N/A         3
 Simulacrum               Ice/Necr       Unusable   N/A       N/A         6

Dungeon Overview and Level Annotations

Branches:
Dungeon (14/15)            Temple (1/1) D:5            Lair (0/5) D:9
    Orc (2/2) D:12         Vaults (0/5) D:14         Bailey (visited)
  IceCv (visited)
    Elf: Orc:2

Altars:
Ashenzari
Cheibriados
Dithmenos
Elyvilon
Fedhas
Gozag
Hepliaklqana
Kikubaaqudgha
Makhleb
Nemelex Xobeh
Okawaru
Qazlal
Ru
Sif Muna
Trog
Uskayaw
Vehumet
Wu Jian
Xom
Yredelemnul
Zin
The Shining One

Shops:
D:6 [:*(*   D:7 **(   D:14 (

Annotations:
D:8 1 runed translucent door, themarg's ghost, novice DsCA
D:9 exclusion: orange crystal statue
Orc:2 Jorgrun; Urug


Innate Abilities, Weirdness & Mutations

You have a pair of horns on your head.
You reflexively headbutt those who attack you in melee.


Message History

The orc warrior hits you but does no damage.
Jorgrun hits you with a staff of earth!
* * * LOW HITPOINT WARNING * * *
The grasping roots constrict you.
The orc warrior shoots a bolt.
The bolt hits you but does no damage.
The orc warrior hits you but does no damage.
Jorgrun says, "Yer just na down-ta-earth enough."
Jorgrun hits you but does no damage. Jorgrun shatters you.
The grasping roots constrict you.
The orc warrior shoots a bolt.
The bolt hits you.
* * * LOW HITPOINT WARNING * * *
The orc warrior hits you but does no damage.
Jorgrun hits you but does no damage. Jorgrun shatters you!
* * * LOW HITPOINT WARNING * * *
The grasping roots constrict you.
The orc warrior shoots a bolt.
The bolt hits you but does no damage.
You turn to flesh and can move again.
You closely miss Jorgrun. You headbutt Jorgrun!
Jorgrun is severely wounded.
You slice the orc warrior!!
You are no longer berserk.
You are exhausted.
You feel yourself slow down. You block the orc warrior's attack.
You block Jorgrun's attack. The grasping roots constrict you.
* * * LOW HITPOINT WARNING * * *
The orc warrior shoots a bolt.
The bolt hits you but does no damage.
Blink to where?
Press: ? - help, Q - select action, (/) - cycle Dir - move target
Okay, then.
Okay, then.
You feel much better. The orc warrior closely misses you.
Jorgrun hits you with a staff of earth!
* * * LOW HITPOINT WARNING * * *
The grasping roots constrict you!
* * * LOW HITPOINT WARNING * * *
The orc warrior shoots a bolt.
The bolt barely misses you.
The orc warrior hits you with a +0 dire flail!
* * * LOW HITPOINT WARNING * * *
You block Jorgrun's attack. The grasping roots constrict you.
You die...

##.## ##... #.$.####
## ####......## .#.#
##..........#
....##...........###
...#.#......)......#
...$.o...@)[<......#
.......[[go.[.......
........[[..##......
............# ......
....$......## .....
............# .....
............# ....
.$....#.....# ....
.....#........


You could see Jorgrun and 2 orc warriors.

Vanquished Creatures
  2 orc warlords
  A reaper (IceCv)
  3 boulder beetles
  A two-headed ogre (D:10)
  3 centaur warriors
  2 dancing weapons (D:14)
  5 orc high priests
  5 skeletal warriors
  3 orc knights
  3 deep elf pyromancers
  9 ugly things
  2 manticores
  2 orc sorcerers (D:12)
  An elephant (D:9)
  2 cyclopes
  2 ice statues (IceCv)
  3 gargoyles (D:10)
  An unseen horror (D:12)
  Psyche (D:9)
  A kobold demonologist (D:6)
  A tengu conjurer (D:12)
  4 anaconda simulacra (IceCv)
  6 ice devils (IceCv)
  5 trolls
  2 hornets
  Prince Ribbit (D:4)
  A blink frog (shapeshifter) (D:14)
  Grinder (D:3)
  7 slime creatures (D:13)
  Sigmund (D:5)
  2 shadows (D:12)
  A yak (shapeshifter) (D:14)
  A vampire (D:11)
  A wyvern (D:9)
  3 yaks (D:9)
  4 wraiths
  Eustachio (D:5)
  A basilisk (D:9)
  19 vampire mosquitoes
  Menkaure (D:4)
  4 wargs
  3 harpy simulacra (IceCv)
  2 water moccasins (D:9)
  2 acid dragons
  3 hydra simulacra (IceCv)
  An ice beast (D:8)
  Duvessa (D:7)
  3 black bears
  23 orc warriors
  A sky beast (D:6)
  23 centaurs
  11 ogres
  A kobold brigand (D:6)
  5 bullfrogs
  Blork the orc (D:5)
  2 scorpions (D:4)
  5 gnoll sergeants
  5 wights (D:7)
  Dowan (D:7)
  An elephant simulacrum (IceCv)
  3 troll zombies (D:12)
  14 killer bees
  7 howler monkeys
  3 lava snakes (D:9)
  11 hounds
  A jelly (D:5)
  2 sleepcaps
  16 orc priests
  2 gnoll boudas
  2 iguanas (D:6)
  12 orc wizards
  Natasha (thrice) (D:3)
  A spriggan simulacrum (IceCv)
  A troll simulacrum (IceCv)
  2 wolf simulacra (IceCv)
  5 ogre zombies (D:12)
  19 gnolls
  11 adders
  18 white imps
  2 ufetubi (D:6)
  2 worms
  4 dart slugs
  64 orcs
  12 ball pythons
  9 bats
  13 endoplasms
  16 giant cockroaches
  22 goblins
  13 hobgoblins
  5 jackals
  11 kobolds
  5 quokkas
  5 frilled lizards
  3 goblin skeletons (D:12)
  4 goblin zombies (D:12)
  A hobgoblin skeleton (D:12)
  4 hobgoblin zombies (D:12)
  2 orc skeletons (D:12)
  11 orc zombies (D:12)
  10 rats
564 creatures vanquished.

Vanquished Creatures (others)
  An orc warrior (D:12)
  15 fungi (Orc:2)
  9 plants (D:6)
25 creatures vanquished.

Grand Total: 589 creatures vanquished

Notes
Turn   | Place    | Note
-------+----------+-------------------------------------------
     0 | D:1      | Sundig the Minotaur Fighter began the quest for the Orb.
     0 | D:1      | Reached XP level 1. HP: 19/19 MP: 0/0
   129 | D:1      | Reached XP level 2. HP: 27/27 MP: 1/1
   371 | D:1      | Reached XP level 3. HP: 31/33 MP: 2/2
   967 | D:2      | Found a basalt altar of Yredelemnul.
  1077 | D:2      | Reached skill level 1 in Dodging
  1077 | D:2      | Reached XP level 4. HP: 41/41 MP: 3/3
  1848 | D:3      | Reached XP level 5. HP: 47/47 MP: 4/4
  2106 | D:3      | Noticed Grinder
  2153 | D:3      | Found a stormy altar of Qazlal.
  2202 | D:3      | Noticed Natasha
  2211 | D:3      | Killed Natasha
  2223 | D:3      | Noticed Natasha
  2230 | D:3      | Killed Natasha
  2231 | D:3      | Reached skill level 5 in Fighting
  2598 | D:3      | Paralysed by Grinder for 3 turns
  2618 | D:3      | Killed Grinder
  2619 | D:3      | Reached skill level 5 in Shields
  2619 | D:3      | Reached XP level 6. HP: 45/56 MP: 5/5
  2852 | D:3      | Noticed Natasha
  2858 | D:3      | Killed Natasha
  3045 | D:4      | Reached skill level 5 in Axes
  3047 | D:4      | Reached XP level 7. HP: 59/62 MP: 6/6
  3523 | D:4      | Reached skill level 5 in Armour
  3661 | D:4      | Noticed Menkaure
  3669 | D:4      | Killed Menkaure
  4325 | D:5      | Entered Level 5 of the Dungeon
  4335 | D:5      | Noticed Prince Ribbit
  4370 | D:4      | Killed Prince Ribbit
  4371 | D:4      | Reached XP level 8. HP: 32/71 MP: 7/7
  4445 | D:5      | Noticed Eustachio
  4454 | D:5      | Killed Eustachio
  4512 | D:5      | Noticed Sigmund
  4555 | D:5      | Killed Sigmund
  4712 | D:5      | Found a staircase to the Ecumenical Temple.
  4720 | Temple   | Entered the Ecumenical Temple
  4849 | Temple   | Became a worshipper of Warmaster Okawaru
  5054 | D:6      | Found Zaragh's General Store.
  5059 | D:6      | Bought a scroll of brand weapon for 123 gold pieces
  5059 | D:6      | Bought a scroll of blinking for 97 gold pieces
  5122 | D:6      | Reached * piety under Okawaru
  5127 | D:6      | Reached XP level 9. HP: 81/81 MP: 8/8
  5133 | D:6      | Noticed Blork the orc
  5190 | D:5      | Killed Blork the orc
  5292 | D:6      | Found Wefask's Assorted Antiques.
  5395 | D:6      | Found Kaocoj's Antique Weapon Shoppe.
  5483 | D:6      | Noticed a kobold demonologist
  5625 | D:6      | Noticed a red devil
  5628 | D:6      | Killed a kobold demonologist
  5920 | D:6      | Reached ** piety under Okawaru
  6008 | D:6      | Reached skill level 5 in Dodging
  6217 | D:6      | Identified the +9 plate armour of Astaer Zarpho {Regen+}
  6325 | D:6      | Found Koor's Antique Armour Shoppe.
  6352 | D:6      | Reached XP level 10. HP: 91/91 MP: 9/9
  6396 | D:6      | Reached *** piety under Okawaru
  6649 | D:6      | Found Qiufedea's Vocational Training.
  6741 | D:6      | Bought a masterwork war axe for 187 gold pieces
  6741 | D:6      | Identified the +2 war axe of Fixation {heavy, Dex+5} (You
                  | bought it in a shop on level 6 of the Dungeon)
  7067 | D:7      | Found Lammill's General Store.
  7233 | D:7      | Reached skill level 10 in Shields
  7241 | D:7      | Reached skill level 10 in Fighting
  7283 | D:7      | Found Giudemmo's Assorted Antiques.
  7285 | D:7      | Found Cyol's Weapon Shoppe.
  7350 | D:7      | Noticed Duvessa
  7352 | D:7      | Noticed Dowan
  7355 | D:7      | Killed Duvessa
  7364 | D:7      | Killed Dowan
  7741 | D:8      | Reached **** piety under Okawaru
  7811 | D:8      | Found a runed translucent door.
  7865 | D:8      | Noticed themarg's ghost (novice DsCA)
  7865 | D:8      | Noticed a six-headed hydra
  8032 | D:8      | Reached skill level 10 in Axes
  8642 | D:9      | Noticed an orange crystal statue
  8726 | D:9      | Found a flagged portal.
  8737 | Bailey   | Entered a bailey
  8756 | Bailey   | Noticed an orc warlord
  8810 | Bailey   | Noticed an orc knight
  8821 | Bailey   | Killed an orc knight
  8857 | Bailey   | Found a runed translucent gate.
  8860 | Bailey   | Found a runed translucent gate.
  8862 | Bailey   | Found a runed translucent gate.
  9024 | Bailey   | Killed an orc warlord
  9025 | Bailey   | Reached XP level 11. HP: 83/101 MP: 10/10
  9069 | Bailey   | Got the Papyrus of Dusty Invitation
  9088 | D:9      | Reached XP level 12. HP: 112/112 MP: 11/11
  9131 | D:9      | Reached ***** piety under Okawaru
  9233 | D:9      | Found a staircase to the Lair.
  9611 | D:9      | Noticed Psyche
  9616 | D:9      | Killed Psyche
  9920 | D:10     | Entered Level 10 of the Dungeon
  9962 | D:10     | Received a gift from Okawaru
 10222 | D:10     | Noticed a two-headed ogre
 10226 | D:10     | Killed a two-headed ogre
 10816 | D:11     | Received a gift from Okawaru
 11312 | D:12     | Found a staircase to the Orcish Mines.
 11400 | D:12     | Found a runed translucent door.
 11412 | D:12     | Found a frozen archway.
 11458 | IceCv    | Entered an ice cave
 11597 | IceCv    | Reached skill level 10 in Armour
 11733 | IceCv    | Reached XP level 13. HP: 122/122 MP: 12/12
 11856 | IceCv    | Noticed a reaper
 11922 | IceCv    | Killed a reaper
 11922 | IceCv    | Received a gift from Okawaru
 12258 | D:12     | Reached ****** piety under Okawaru
 13128 | D:12     | Paralysed by an orc sorcerer for 3 turns
 13134 | D:12     | Received a gift from Okawaru
 13478 | D:13     | Identified the +3 scale mail of the Nightingale {rF- rC+
                  | Str-3 Int+3} (Okawaru gifted it to you on level 13 of the
                  | Dungeon)
 13478 | D:13     | Received a gift from Okawaru
 14202 | D:14     | Reached skill level 15 in Shields
 14271 | D:14     | Found a gate to the Vaults.
 14319 | D:14     | Reached XP level 14. HP: 133/133 MP: 13/13
 14324 | D:14     | Reached skill level 15 in Fighting
 14598 | D:14     | Identified the scarf of Dishonesty {+Inv, +Inv rC+}
                  | (Okawaru gifted it to you on level 14 of the Dungeon)
 14598 | D:14     | Received a gift from Okawaru
 14669 | D:14     | Found Jeptis's Weapon Shoppe.
 14683 | D:14     | Reached skill level 15 in Axes
 15057 | Orc:1    | Entered Level 1 of the Orcish Mines
 15636 | Orc:2    | Entered Level 2 of the Orcish Mines
 15636 | Orc:2    | Noticed Urug
 15636 | Orc:2    | Noticed an orc warlord
 15784 | Orc:2    | Noticed an orc warlord
 15788 | Orc:2    | Noticed Jorgrun
 15803 | Orc:1    | Killed an orc warlord
 15912 | Orc:2    | HP: 3/135 [orc warrior/+0 dire flail (14)]
 15912 | Orc:2    | Constricted to death by Jorgrun

Illustrated notes

Levels and vault maps discovered:
D:1:      dpeg_arrival_water_fire, layout_loops_ring
D:2:      minmay_razor_zed, layout_rooms, basic_altar, minmay_fractal_squares_5
D:3:      minmay_roachtagon, layout_loops_ring, old_standard_altar,
          serial_co_window_serial, co_window_paths_a, co_window_paths_a,
          co_window_paths_a, co_window_paths_a, co_window_paths_a,
          co_window_paths_a, co_window_cross_1, co_window_paths_b,
          co_window_of_opportunity_a, co_window_broadway_b, co_window_corner_b,
          co_window_broadway_c, co_window_unsneaky_path_d, co_window_cross_3,
          co_window_cross_2, glass_columns_b, glass_columns_b, uniq_natasha,
          uniq_grinder
D:4:      minmay_general_purpose_star, layout_layer_cave,
          kennysheep_cross_bottleneck, uniq_menkaure
D:5:      layout_rooms, minmay_temple_entry_butterflies, uniq_eustachio,
          uniq_sigmund, uniq_prince_ribbit1
D:6:      lemuel_castle_with_subvaults [lemuel_castle_interior_carwin_1],
          layout_loops_ring, serial_glass, glass_columns_b, glass_columns_a,
          serial_shops, shop, nicolae_shop_window_shopping, shop,
          nicolae_shop_overgrown_old_shop, small_statue_intersection,
          nicolae_shop_vocational, uniq_blork_the_orc
D:7:      layout_cave_pools, serial_shops, nicolae_shop_stone, shop, shop,
          dk_noncrumbling_4, uniq_duvessa
D:8:      layout_loops_corners, ebering_ghost_inner_flame, serial_bayou_pond_c,
          minmay_crystal_room
D:9:      layout_stronghold, david_lair_generic, enter_bailey_3,
          minmay_misc_feat_four_crosses, disabler_island, uniq_psyche
D:10:     layout_loops_ring
D:11:     layout_basic, centaur_isle
D:12:     layout_basic, zombieorc2_lemuel, portal_ice_cave_entry_imps,
          lightli_church_of_beogh
D:13:     layout_rooms
D:14:     layout_grid_maze, erik_vaults_1, minmay_holes, serial_shops,
          nicolae_square_shop
Temple:   compressed_dpeg_circular_temple
Orc:1:    layout_caves, basic_altar, nicolae_orc_sculptors_studio,
          bh_open_orc_temple
Orc:2:    grunt_orc_gardens, layout_diamond_mine, grunt_orc_garden,
          grunt_orc_garden, grunt_orc_garden, grunt_orc_garden, basic_altar,
          nicolae_shop_gadgets, uniq_jorgrun, uniq_urug

Skill      XL: |  1  2  3  4  5  6  7  8  9 10 11 12 13 14 |
---------------+-------------------------------------------+-----
Fighting       | 4 5 6 7 9 10 12 13 14 15 | 15.4
Axes           | 3 4 5 6 7 9 10 11 13 14 15 | 15.3
Shields        | 4 5 6 7 9 10 12 13 15 | 15.5
Armour         | 4 5 6 7 8 9 10 11 | 11.4
Dodging        | 1 2 3 4 5 6 7 8 9 |  9.8

Action                     |  1- 3 |  4- 6 |  7- 9 | 10-12 | 13-15 || total
---------------------------+-------+-------+-------+-------+-------++-------
  Melee: War axe           |    87 |   148 |   312 |   403 |   293 ||  1243
         Headbutt          |    10 |    12 |    55 |    82 |    81 ||   240
 Invoke: Heroism           |       |       |       |     1 |       ||     1
         Finesse           |       |       |       |     1 |       ||     1
  Evoke: Wand              |       |       |     7 |    22 |       ||    29
    Use: Scroll            |       |     3 |     6 |    10 |     4 ||    23
         Potion            |       |       |     5 |     3 |     3 ||    11
   Stab: Distracted        |       |       |       |     1 |       ||     1
 Armour: Scale mail        |    54 |    56 |       |       |       ||   110
         Chain mail        |       |    44 |    63 |       |       ||   107
         Plate armour      |       |       |   212 |   400 |   237 ||   849
  Dodge: Dodged            |    39 |    84 |   145 |   323 |   190 ||   781
  Block: Buckler           |    29 |    44 |   105 |   243 |   189 ||   610

Table legend: (Time is in decaauts)
 A = Elapsed time spent in this place.
 B = Non-inter-level travel time spent in this place.
 C = Inter-level travel time spent in this place.
 D = Time resting spent in this place.
 E = Time spent auto-exploring this place.
 F = Levels seen in this place.
 G = Mean time per level.
                   A        B        C        D        E       F      G
               +--------+--------+--------+--------+--------+-----+--------+
         Total |  16278 |  15284 |    994 |    290 |  10339 |  19 |  856.7 |
       Dungeon |  14286 |  13438 |    848 |    290 |   9260 |  14 | 1020.4 |
        Temple |    138 |     93 |     45 |      0 |     72 |   1 |  138.0 |
  Orcish Mines |    876 |    775 |    101 |      0 |    495 |   2 |  438.0 |
        Bailey |    370 |    370 |      0 |      0 |    208 |   1 |  370.0 |
      Ice Cave |    606 |    606 |      0 |      0 |    304 |   1 |  606.0 |
               +--------+--------+--------+--------+--------+-----+--------+

Top non-repeatable levels by time:
     D:6: 1818 daAuts
     D:4: 1522 daAuts
    D:12: 1370 daAuts
     D:3: 1169 daAuts
    D:14: 1101 daAuts
     D:9: 961 daAuts
     D:1: 955 daAuts
     D:8: 938 daAuts
    D:11: 852 daAuts
     D:2: 849 daAuts
   Orc:1: 777 daAuts
     D:5: 764 daAuts
    D:10: 695 daAuts
     D:7: 671 daAuts
    D:13: 614 daAuts
